 Dungeon Crawl Stone Soup version 0.30-a0-1157-g2cc9ac7196 (webtiles) character file.

Game seed: 7610924455596116159

46830 jimonade the Thaumaturge (level 13, -3/95 (100) HPs)
             Began as a Mummy Monk on Apr 25, 2023.
             Was the Champion of Ru.
             Slain by a death scarab (9 damage)
             ... in a Gauntlet.
             The game lasted 01:05:03 (16227 turns).

jimonade the Thaumaturge (Mummy Monk)              Turns: 16227, Time: 01:05:03

HP:   -3/95 (100)   AC: 11    Str: 20    XL:     13   Next: 6%
MP:   30/30         EV: 18    Int: 14    God:    Ru [******]
Gold: 969           SH:  0    Dex: 14    Spells: 38/38 levels left

rFire   . . .        a - +5 morningstar of Amorality {speed, Str+5}
rCold   + . .        c - orb {light}
rNeg    + + +        O - +0 troll leather armour
rPois   ∞            n - +0 helmet
rElec   .            P - +1 cloak
rCorr   .            A - +0 pair of gloves
SInv    .            o - +1 pair of boots {Fly}
Will    +....        (no amulet) Stlth
                     f - ring of protection from fire
HPRegen 1.15/turn    l - +5 ring of evasion
MPRegen 0.22/turn

%: no teleportation, faith
@: exhausted, flying, slowed, glowing, studying Spellcasting, drained, very slow
A: cold resistance 1, negative energy resistance 3, screaming 1, torment
resistance 2, heat vulnerability 1, no stealth, hated by all, unskilled 2,
inexperienced 1, in touch with death 2, no potions, faith
a: Renounce Religion, Draw Out Power, Power Leap, Apocalypse


You were in a Gauntlet.
You worshipped Ru.
Ru was exalted by your worship.
You visited 2 branches of the dungeon, and saw 17 of its levels.
You also visited: Gauntlet.

You collected 969 gold pieces.

Inventory:

Hand Weapons
 a - the +5 morningstar of Amorality (weapon) {speed, Str+5}
   (You found it on level 6 of the Dungeon)

   Str:       It affects your strength (+5).
 b - a +4 great mace
 j - a +0 sling
 v - a +3 whip
 w - a +0 great mace
 E - a +1 flail of draining
Missiles
 d - 21 poisoned darts
 L - a curare-tipped dart
 T - 3 throwing nets (quivered)
Armour
 c - an orb of light (worn)
 k - a +0 kite shield of positive energy
 n - a +0 helmet (worn)
 o - a +1 pair of boots of flying (worn)
 A - a +0 pair of gloves (worn)
 O - a +0 troll leather armour (worn)
 P - a +1 cloak (worn)
 Q - a +0 tower shield
Magical Staves
 e - a staff of death
 I - a staff of cold
Jewellery
 f - a ring of protection from fire (left hand)
 l - a +5 ring of evasion (right hand)
 m - a ring of flight
 r - a ring of wizardry
 M - the amulet of Elemental Vulnerability {rPois rF-- rC-- AC+8}
   (You found it on level 8 of the Dungeon)

   [amulet of nothing]

   AC:        It affects your AC (+8).
   rF:        It makes you very vulnerable to fire.
   rC:        It makes you very vulnerable to cold.
   rPois:     It protects you from poison.
Wands
 B - a wand of iceblast (15)
 C - a wand of quicksilver (12)
 R - a wand of mindburst (10)
Scrolls
 g - 5 scrolls of fog
 h - 3 scrolls of enchant weapon
 i - 5 scrolls of noise
 p - 3 scrolls of fear
 q - 3 scrolls of vulnerability
 s - 3 scrolls of immolation
 t - 4 scrolls of identify
 x - 7 scrolls of amnesia
 y - 5 scrolls of enchant armour
 F - a scroll of brand weapon
 H - 3 scrolls of teleportation
 N - 2 scrolls of torment


   Skills:
 + Level 8.9 Fighting
 + Level 12.2 Maces & Flails
 + Level 1.1 Throwing
 + Level 4.8 Armour
 + Level 4.2 Dodging
 * Level 2.3 Shields
 * Level 13.4 Spellcasting
 + Level 2.8 Evocations


You had 38 spell levels left.
You didn't know any spells.
Your spell library contained the following spells:

 Spells                   Type           Power      Damage    Failure   Level
 Sting                    Tmut/Pois      36%        1d4       9%          1
 Lesser Beckoning         Tloc           18%        N/A       13%         2
 Poisonous Vapours        Pois/Air       18%        N/A       13%         2
 Static Discharge         Conj/Air       18%        2-3/arc   13%         2
 Gell's Gravitas          Tloc           9%         N/A       26%         3
 Portal Projectile        Hex/Tloc       18%        N/A       26%         3
 Stone Arrow              Conj/Erth      18%        3d8       26%         3
 Teleport Other           Tloc           9%         N/A       26%         3
 Airstrike                Air            4%         2d(1-17)  63%         4
 Olgreb's Toxic Radiance  Pois           9%         N/A       63%         4
 Dispersal                Tloc           4%         N/A       100%        6
 Lehudib's Crystal Spear  Conj/Erth      4%         10d3      100%        8
 Tukima's Dance           Hex            Unusable   N/A       N/A         3
 Animate Armour           Summ/Erth      Unusable   N/A       N/A         4
 Summon Lightning Spire   Summ/Air       Unusable   N/A       N/A         4
 Blade Hands              Tmut           Unusable   N/A       N/A         5

Dungeon Overview and Level Annotations

Branches:
Dungeon (13/15)            Temple (0/1) D:7            Lair (4/5) D:9
  Swamp (0/4) Lair:3       Spider (0/4) Lair:3        Slime (0/5) Lair:4
    Orc (0/2) D:10         Vaults (0/5) D:13        Gauntlet (1/1)

Altars:
Dithmenos
Gozag
Nemelex Xobeh
Ru
Trog
Uskayaw

Shops:
D:7 [   D:8 *   D:9 *

Annotations:
Lair:3 2 transporters, BubbleThief's ghost, journeyman DsNe Gauntlet 8 transporters, 21 runed translucent doors, exclusion: 2 lightning spires


Innate Abilities, Weirdness & Mutations

You are immune to poison.
Your flesh is cold resistant. (rC+)
You are immune to negative energy. (rN+++)
You occasionally shout uncontrollably at your foes.
You are immune to unholy pain and torment.
You are vulnerable to heat. (rF-)
You cannot be stealthy.
You are hated by all.
You are unskilled. (-2 Apt)
You are somewhat inexperienced. (-1 XL)
You are strongly in touch with the powers of death.
You do not drink.
You have a special connection with the divine. (Faith)


Message History

The spectral black mamba is stunned by your conviction and fails to attack.
The spectral black mamba barely misses you.
Okay, then.
You can't drink.
Unknown command.
Okay, then.
Press: ? - help, v - describe, . - travel
Here: a death scarab (haloed)
The floor.
Unknown command.
Okay, then.
Unknown command.
You can't see any enemies this would affect, really read the scroll of fear?
Okay, then.
Press: ? - help, v - describe, . - travel
Here: a spectral black mamba (haloed)
The floor.
The death scarab is stunned by your conviction and fails to attack.
The death scarab closely misses you. x2; The death scarab bites you.
* * * LOW HITPOINT WARNING * * *
The spectral black mamba closely misses you.
Aiming: Iceblast
Press: ? - help, Shift-Dir - straight line
Okay, then.
The death scarab bites you!
* * * LOW HITPOINT WARNING * * *
The spectral black mamba misses you. The spectral black mamba bites you.
* * * LOW HITPOINT WARNING * * *
Press: ? - help, v - describe, . - travel The floor.
This square is lit by a halo.
You can't drink.
Unknown command.
You can't see any enemies this would affect, really read the scroll of torment?
Okay, then.
Unknown command.
You sock the death scarab!
The death scarab is moderately damaged.
The death scarab bites you!
You die...

#.#.#.#.#.#...#...###.#...#++#...
#.#######.#...#....#..#...#p5#+++
#8...8....#...#..Z©)[.#...#55....
#...!©"$..#...#########...#p5)=©.
###########...............#######
............8.....8.....8........
.....8.........................8.
.§..........#≈#########§#....§§..
§#§#≈#≈#≈#≈####.@B....####≈#≈#§#§
##############..8Z8.8..##########
#...©B©.©...# #.............#
###.###.###.### #. #.# .# .. ...
.## ###. #.


You could see a spectral black mamba, a spectral torpor snail and 2 death
scarabs.

Vanquished Creatures
  A green death (Gauntlet)
  Erolcha (D:10)
  8 vault guards (D:13)
  Harold (D:11)
  6 death yaks (Lair:2)
  3 two-headed ogres
  A boulder beetle (Lair:3)
  A tengu warrior (D:13)
  A skyshark (Lair:3)
  3 cyclopes
  3 deep elf pyromancers (D:13)
  A will-o-the-wisp (Lair:3)
  3 ugly things
  2 black mambas
  An ice statue (Lair:2)
  Maurice (D:10)
  4 elephants
  A guardian serpent (D:13)
  An orange demon (Gauntlet)
  3 cane toads
  A kobold demonologist (D:11)
  4 rime drakes (Lair:2)
  8 komodo dragons
  3 trolls
  3 polar bears (Lair:2)
  A hornet (D:7)
  4 blink frogs (Lair:1)
  6 slime creatures
  A wyvern (Lair:2)
  2 wraiths
  62 yaks
  Eustachio (D:6)
  2 basilisks
  5 vampire mosquitoes
  A steam dragon (D:6)
  7 wargs
  An acid dragon (D:13)
  5 water moccasins
  4 ice beasts
  2 black bears
  8 orc warriors
  2 sky beasts (D:7)
  14 wolves
  An ogre (D:6)
  7 centaurs
  A phantom (D:7)
  3 kobold brigands
  A cane toad simulacrum (Lair:2)
  9 bullfrogs
  A two-headed ogre simulacrum (Lair:2)
  7 wights
  6 scorpions
  9 killer bees
  A howler monkey (D:5)
  2 jellies
  A hound (D:5)
  3 orc priests
  A gnoll bouda (D:8)
  A sleepcap (D:6)
  An iguana (D:6)
  14 orc wizards
  A polar bear simulacrum (Lair:2)
  A troll simulacrum (Lair:2)
  Robin (D:4)
  A naga simulacrum (Lair:2)
  4 adders
  3 gnolls (D:8)
  2 white imps
  3 worms
  3 dart slugs
  36 orcs
  5 ball pythons
  3 bats
  4 endoplasms
  6 giant cockroaches
  12 goblins
  9 hobgoblins
  6 jackals
  2 quokkas
  3 frilled lizards
  11 kobolds
  6 rats
384 creatures vanquished.

Vanquished Creatures (others)
  An ice dragon (Lair:2)
  A komodo dragon (Lair:3)
  A hornet (Lair:2)
  A centaur (D:12)
  An orc wizard (D:9)
  A goblin (D:4)
  A hobgoblin (D:4)
  2 demonic plants (Gauntlet)
  6 foxfires (Lair:3)
  11 fungi
  12 plants
38 creatures vanquished.

Grand Total: 422 creatures vanquished

Notes
Turn   | Place    | Note
-------+----------+-------------------------------------------
     0 | D:1      | jimonade the Mummy Monk began the quest for the Orb.
     0 | D:1      | Reached XP level 1. HP: 18/18 MP: 1/1
   233 | D:1      | Reached XP level 2. HP: 23/24 MP: 2/2
  1075 | D:2      | Found an opulent altar of Gozag.
  1219 | D:2      | Gained mutation: You are in touch with the powers of death.
                  | [Mummy growth]
  1219 | D:2      | Reached XP level 3. HP: 29/29 MP: 3/3
  2018 | D:3      | Reached XP level 4. HP: 31/35 MP: 3/5
  2056 | D:3      | Reached skill level 1 in Spellcasting
  2316 | D:3      | Found a faded altar of an unknown god.
  2376 | D:3      | Found a sacrificial altar of Ru.
  2381 | D:3      | Became a worshipper of Ru the Awakened
  2390 | D:3      | Gained mutation: You are somewhat unskilled. (-1 Apt) [Ru
                  | sacrifice]
  2390 | D:3      | Reached * piety under Ru
  2681 | D:4      | Noticed Robin
  2729 | D:4      | Killed Robin
  2730 | D:4      | Reached XP level 5. HP: 30/41 MP: 7/7
  3128 | D:4      | Found a sparkling altar of Nemelex Xobeh.
  3407 | D:5      | Entered Level 5 of the Dungeon
  3572 | D:5      | Noticed a water moccasin
  3583 | D:5      | Killed a water moccasin
  3584 | D:5      | Reached skill level 1 in Armour
  3584 | D:5      | Reached skill level 2 in Spellcasting
  3652 | D:5      | Reached XP level 6. HP: 38/47 MP: 9/9
  3932 | D:5      | Gained mutation: You are hated by all. [Ru sacrifice]
  3932 | D:5      | Reached ** piety under Ru
  4127 | D:6      | Noticed an ice beast
  4144 | D:6      | Killed an ice beast
  4145 | D:6      | Reached skill level 3 in Spellcasting
  4145 | D:6      | Reached XP level 7. HP: 51/53 MP: 11/11
  4477 | D:6      | Noticed a steam dragon
  4491 | D:6      | Killed a steam dragon
  4492 | D:6      | Reached skill level 5 in Maces & Flails
  4500 | D:6      | Reached skill level 4 in Spellcasting
  4500 | D:6      | Reached XP level 8. HP: 10/60 MP: 12/14
  4724 | D:6      | Identified the +5 morningstar of Amorality {speed, Str+5}
  4816 | D:6      | Noticed Eustachio
  4851 | D:6      | Killed Eustachio
  5126 | D:7      | Found a staircase to the Ecumenical Temple.
  5324 | D:7      | Noticed a hornet
  5333 | D:7      | Killed a hornet
  5364 | D:7      | Identified the +0 robe "Wifoag" {rC+ Will++}
  5403 | D:7      | Found Teich's Antique Armour Boutique.
  5491 | D:7      | Reached skill level 5 in Spellcasting
  5572 | D:7      | Reached XP level 9. HP: 66/66 MP: 15/17
  5861 | D:8      | Found Nyehuyrr's Demolitions Depot.
  5863 | D:8      | Gained mutation: You are somewhat inexperienced. (-1 XL)
                  | [Ru sacrifice]
  5863 | D:8      | Reached XP level 8. HP: 61/61 MP: 16/16
  5863 | D:8      | Reached *** piety under Ru
  5863 | D:8      | Reached **** piety under Ru
  6265 | D:8      | You fall into a shaft and drop 1 floor!
  6446 | D:8      | Found the amulet of Elemental Vulnerability {rPois rF--
                  | rC-- AC+8}
  6676 | D:9      | Found an opulent altar of Gozag.
  6785 | D:9      | Reached skill level 6 in Spellcasting
  6791 | D:9      | Reached skill level 5 in Fighting
  6863 | D:9      | Found a staircase to the Lair.
  6978 | D:9      | Noticed a troll
  6985 | D:9      | Killed a troll
  7096 | D:9      | Reached XP level 9. HP: 68/68 MP: 17/19
  7110 | D:9      | Reached skill level 7 in Spellcasting
  7124 | D:9      | Found a shadowy altar of Dithmenos.
  7166 | D:9      | Found Roukk's General Store.
  7425 | D:9      | Found a hide-covered altar of Uskayaw.
  7615 | D:10     | Entered Level 10 of the Dungeon
  7637 | D:9      | Gained mutation: You cannot be stealthy. [Ru sacrifice]
  7637 | D:9      | Reached ***** piety under Ru
  7684 | D:10     | Noticed Erolcha
  7719 | D:10     | Killed Erolcha
  7871 | D:10     | Noticed a two-headed ogre
  7928 | D:10     | Killed a two-headed ogre
  7929 | D:10     | Reached skill level 8 in Spellcasting
  8049 | D:10     | Reached XP level 10. HP: 70/72 MP: 22/22
  8184 | D:10     | Noticed Maurice
  8194 | D:10     | Killed Maurice
  8329 | D:10     | Found a staircase to the Orcish Mines.
  8898 | D:10     | Found a bloodstained altar of Trog.
  9230 | D:10     | Gained mutation: You are unskilled. (-2 Apt) [Ru sacrifice]
  9230 | D:10     | Reduced skill Spellcasting to level 7
  9327 | D:10     | Identified a scroll of acquirement
  9330 | D:10     | Acquired a manual of Spellcasting
  9366 | D:11     | Noticed a two-headed ogre
  9452 | D:11     | Reached skill level 8 in Spellcasting
  9542 | D:11     | Noticed a boulder beetle
  9542 | D:11     | Noticed a deep elf pyromancer
  9542 | D:11     | Noticed a centaur warrior
  9543 | D:11     | Noticed a boulder beetle
  9543 | D:11     | Noticed a wizard
  9543 | D:11     | Noticed a centaur warrior
  9606 | D:11     | Noticed Harold
  9609 | D:11     | Killed Harold
  9688 | D:11     | Noticed a green ugly thing
  9704 | D:11     | Killed a green ugly thing
  9773 | D:11     | Killed a two-headed ogre
  9774 | D:11     | Reached skill level 1 in Evocations
 10054 | D:11     | Noticed a two-headed ogre
 10058 | D:11     | Killed a two-headed ogre
 10059 | D:11     | Reached skill level 9 in Spellcasting
 10518 | D:12     | Reached XP level 11. HP: 33/74 MP: 15/24
 10783 | D:12     | Gained mutation: You occasionally shout uncontrollably at
                  | your foes. [Ru sacrifice]
 10783 | D:12     | Reached ****** piety under Ru
 11157 | D:13     | Reached skill level 10 in Maces & Flails
 11217 | D:13     | Noticed a vault guard
 11251 | D:13     | Noticed a vault guard
 11264 | D:13     | Killed a vault guard
 11265 | D:13     | Reached skill level 10 in Spellcasting
 11402 | D:13     | Noticed a vault guard
 11418 | D:13     | Killed a vault guard
 11542 | D:13     | Noticed a vault guard
 11554 | D:13     | Killed a vault guard
 11676 | D:13     | Noticed a tengu warrior
 11687 | D:13     | Killed a tengu warrior
 11771 | D:13     | Reached skill level 1 in Throwing
 11783 | D:13     | Noticed a vault guard
 11784 | D:13     | Found a gate to the Vaults.
 11796 | D:13     | Killed a vault guard
 11860 | D:13     | Noticed a vault guard
 11888 | D:13     | Killed a vault guard
 11935 | D:13     | Reached skill level 11 in Spellcasting
 11982 | D:13     | Killed a vault guard
 12017 | D:13     | Noticed a vault guard
 12037 | D:13     | Killed a vault guard
 12262 | D:13     | Noticed a vault guard
 12302 | D:13     | Killed a vault guard
 12446 | Lair:1   | Entered Level 1 of the Lair of Beasts
 12847 | Lair:1   | Reached XP level 12. HP: 92/92 MP: 27/27
 12929 | Lair:1   | Reached skill level 12 in Spellcasting
 13029 | Lair:1   | Identified the +4 scale mail "Suiph" {+Inv rN+}
 13708 | Lair:2   | Reached skill level 1 in Shields
 14588 | Lair:2   | Reached skill level 13 in Spellcasting
 15041 | Lair:3   | Noticed BubbleThief's ghost (journeyman DsNe)
 15051 | Lair:3   | Found a transporter.
 15052 | Lair:3   | Found a bloodstained altar of Trog.
 15059 | Lair:3   | Found a transporter.
 15123 | Lair:3   | Gained mutation: You are strongly in touch with the powers
                  | of death. [Mummy growth]
 15123 | Lair:3   | Reached XP level 13. HP: 74/96 MP: 30/30
 15208 | Lair:3   | Found a hole to the Spider Nest.
 15357 | Lair:3   | Found a staircase to the Swamp.
 15740 | Lair:4   | Found a gate leading to a gauntlet.
 15752 | Gauntlet | Entered a Gauntlet
 15752 | Gauntlet | Found a transporter.
 15799 | Gauntlet | Found a transporter.
 15801 | Gauntlet | Found a transporter.
 15803 | Gauntlet | Found a transporter.
 15804 | Gauntlet | Found a transporter.
 15805 | Gauntlet | Found a transporter.
 15806 | Gauntlet | Found a large runed translucent door.
 15807 | Gauntlet | Found a large runed translucent door.
 15808 | Gauntlet | Found a large runed translucent door.
 15808 | Gauntlet | Found a large runed translucent door.
 15808 | Gauntlet | Found a runed translucent door.
 15809 | Gauntlet | Found a large runed translucent door.
 15810 | Gauntlet | Found a large runed translucent door.
 15811 | Gauntlet | Found a large runed translucent door.
 15811 | Gauntlet | Found a large runed translucent door.
 15812 | Gauntlet | Found a runed translucent gate.
 15812 | Gauntlet | Found a runed translucent gate.
 15814 | Gauntlet | Found a transporter.
 15815 | Gauntlet | Found a transporter.
 15817 | Gauntlet | Found a runed translucent gate.
 15817 | Gauntlet | Found a runed translucent door.
 15832 | Gauntlet | Found the macabre finger necklace {Finger+ rN+}
 15833 | Gauntlet | Found a transporter.
 15853 | Gauntlet | Found a transporter.
 15857 | Gauntlet | Found a transporter.
 15865 | Gauntlet | Found a transporter.
 15934 | Gauntlet | Found a large runed translucent door.
 15935 | Gauntlet | Found a large runed translucent door.
 15936 | Gauntlet | Found a large runed translucent door.
 15936 | Gauntlet | Found a large runed translucent door.
 15937 | Gauntlet | Found a large runed translucent door.
 15938 | Gauntlet | Found a large runed translucent door.
 15939 | Gauntlet | Found a large runed translucent door.
 15939 | Gauntlet | Found a large runed translucent door.
 16227 | Gauntlet | Slain by a death scarab

Illustrated notes

Levels and vault maps discovered:
D:1:      dpeg_arrival_tiny_a, layout_loops_corners
D:2:      layout_loops_ring, basic_altar
D:3:      layout_loops_corners, nicolae_overflow_crystal_walls,
          shapermc_ecumenical_altar_mp_highgroup, st_stairs_7
D:4:      layout_basic, nemelex_xobeh_ov_fountains_minmay, moated_statue,
          chequers_arboretum, amethyst_killhole, feat_on_display, uniq_robin
D:5:      layout_basic
D:6:      layout_basic, minmay_checkerbox, uniq_eustachio
D:7:      layout_basic, minmay_temple_entry_ruins, serial_shops,
          nicolae_shop_behind_doors
D:8:      layout_basic, nicolae_blasting_shop
D:9:      layout_loops_ring, overflow_temple_1_default,
          grunt_dithmenos_smoke_and_mirrors, nicolae_gozag_seed_capital,
          erik_lair_orcish_takeover, serial_shops, shop
D:10:     layout_layer_cave, mainiacjoe_overflow_tiny_flanked,
          grunt_temple_overflow_open, minmay_orc_entry_temple_small,
          chequers_serial_rivers_small_a, nooodl_orcs_dogs, uniq_erolcha,
          uniq_maurice
D:11:     layout_rooms, grunt_ogre_cave, fungi_pond_lemuel, minivault_12,
          uniq_harold
D:12:     layout_loops_ring
D:13:     layout_loops_ring, erik_vaults_2, nrook_guardian_serpent_double
Lair:1:   layout_chaotic_city
Lair:2:   dreamdust_isle_of_ice, layout_big_grid, beast_lair_carwin_8
Lair:3:   layout_chaotic_city, minmay_swamp_entry_wisps,
          nicolae_spider_entry_non_spiders, serial_rivers,
          chequers_serial_rivers_micro_d, chequers_serial_rivers_small_b,
          chequers_serial_rivers_large_b, chequers_serial_rivers_micro_d,
          gammafunk_ghost_wrathful_warriors
Lair:4:   layout_misc_corridors, slime_entry_1, gauntlet_entry_generic,
          portal_ice_cave_rime, chequers_serial_rivers_small_a
Gauntlet: minmay_gauntlet_mixed_oops_all_seconds
          [minmay_gauntlet_arena_77_museum, nicolae_gauntlet_arena_blocks,
          minmay_gauntlet_arena_77_squiggly, gammafunk_gauntlet_arena_teeth,
          minmay_gauntlet_arena_77_double_cross,
          minmay_gauntlet_arena_make_your_own_arena, gauntlet_exit_hidden_loot]

Skill      XL: |  1  2  3  4  5  6  7  8  9 10 11 12 |
---------------+-------------------------------------+-----
Maces & Flails | 3 4 5 7 9 9 11 12 | 12.2
Spellcasting   | 1 2 3 4 6 8 9 11 13 | 13.4
Armour         | 1 2 3 4 |  4.8
Fighting       | 4 5 6 7 8 |  8.9
Dodging        | 3 4 |  4.2
Evocations     | 1 2 |  2.8
Throwing       | 1 |  1.1
Shields        | 2 |  2.3

Action                     |  1- 3 |  4- 6 |  7- 9 | 10-12 | 13-15 || total
---------------------------+-------+-------+-------+-------+-------++-------
  Melee: Mace              |   114 |     4 |       |       |       ||   118
         Flail             |       |    88 |    46 |       |       ||   134
         Morningstar       |       |       |   276 |   917 |    30 ||  1223
  Throw: Dart              |       |     3 |       |    12 |       ||    15
         Throwing net      |       |       |       |     2 |       ||     2
 Invoke: Sacrifice Skill   |       |     1 |       |     1 |       ||     2
         Sacrifice Love    |       |     1 |       |       |       ||     1
         Draw Out Power    |       |       |     1 |       |     1 ||     2
         Sacrifice Experie |       |       |     1 |       |       ||     1
         Apocalypse        |       |       |     2 |    11 |       ||    13
         Sacrifice Stealth |       |       |     1 |       |       ||     1
         Power Leap        |       |       |       |     1 |       ||     1
         Sacrifice Purity  |       |       |       |     1 |       ||     1
    Use: Scroll            |       |     6 |     4 |     5 |     1 ||    16
   Stab: Invisible         |       |       |     2 |     4 |     1 ||     7
         Distracted        |       |       |     4 |     7 |       ||    11
         Paralysed         |       |       |       |    20 |       ||    20
         Held in net/web   |       |       |       |     1 |       ||     1
 Armour: Robe              |     5 |       |       |       |       ||     5
         Plate armour      |    20 |       |       |       |       ||    20
         Chain mail        |    41 |    44 |    71 |       |       ||   156
         Troll leather arm |       |       |    43 |   164 |     2 ||   209
  Dodge: Dodged            |    35 |    30 |    99 |   307 |    26 ||   497

Table legend: (Time is in decaauts)
 A = Elapsed time spent in this place.
 B = Non-inter-level travel time spent in this place.
 C = Inter-level travel time spent in this place.
 D = Time resting spent in this place.
 E = Time spent auto-exploring this place.
 F = Levels seen in this place.
 G = Mean time per level.
                   A        B        C        D        E       F      G
               +--------+--------+--------+--------+--------+-----+--------+
         Total |  15935 |  15202 |    733 |    767 |   8571 |  18 |  885.3 |
       Dungeon |  12312 |  11709 |    603 |    589 |   7112 |  13 |  947.1 |
          Lair |   3150 |   3020 |    130 |    114 |   1323 |   4 |  787.5 |
      Gauntlet |    472 |    472 |      0 |     64 |    136 |   1 |  472.0 |
               +--------+--------+--------+--------+--------+-----+--------+

Top non-repeatable levels by time:
    D:10: 1649 daAuts
  Lair:2: 1451 daAuts
    D:13: 1186 daAuts
     D:9: 1093 daAuts
     D:3: 1031 daAuts
     D:6: 1025 daAuts
    D:12: 974 daAuts
     D:1: 939 daAuts
  Lair:3: 896 daAuts
     D:7: 865 daAuts
     D:4: 796 daAuts
  Lair:1: 769 daAuts
    D:11: 714 daAuts
     D:5: 698 daAuts
     D:2: 691 daAuts
